 Dungeon Crawl Stone Soup version 0.30-a0-528-g8c47a4955b (webtiles) character file.

Game seed: 13120397067804005688

18 stormannn the Magician (level 2, 0/21 HPs)
             Began as a Djinni Fire Elementalist on Dec 23, 2022.
             Slain by a gnoll
             ... wielding a +0 flail
              (9 damage)
             ... on level 2 of the Dungeon.
             The game lasted 00:02:24 (782 turns).

stormannn the Magician (Djinni Fire Elementalist)    Turns: 782, Time: 00:02:25

Health: 0/21       AC:  2    Str:  7    XL:     2   Next: 85%
Gold:   53         EV: 12    Int: 16    God:
                   SH:  0    Dex: 13

rFire   + + .      SeeInvis .    (no weapon)
rCold   x . .      Faith    .    (no shield)
rNeg    . . .      Spirit   .    a - +0 robe
rPois   ∞          Reflect  .    (no helmet)
rElec   .          Harm     .    (no cloak)
rCorr   .          Rampage  .    (no gloves)
Will    .....                    (boots unavailable)
Stlth   ++                       (no amulet)
HPRegen 0.23/turn                (no ring)
MPRegen 0.00/turn                (no ring)

@: flying
A: sickness immunity, fire resistance 2, cold vulnerability 1, float, innate
caster, HP casting, extra vitality 1
a: no special abilities


You were on level 2 of the Dungeon.
You visited 1 branch of the dungeon, and saw 2 of its levels.

You collected 53 gold pieces.

Inventory:

Armour
 a - a +0 robe (worn)
Scrolls
 c - a scroll of identify {unknown}
 e - a scroll of poison {unknown}
 f - a scroll of amnesia {unknown}
 g - 4 scrolls of teleportation {unknown}
 i - a scroll of brand weapon {unknown}
Potions
 b - 4 potions of magic
 d - a potion of heal wounds {unknown}
 h - 2 potions of curing {unknown}


   Skills:
 + Level 2.6 Dodging
 - Level 1.5 Stealth
 * Level 2.9 Spellcasting


You couldn't memorise any spells.
You knew the following spells:

 Your Spells              Type           Power      Damage    Failure   Level
a - Foxfire               Conj/Fire      44%        2x1d6     6%          1
b - Scorch                Fire           22%        2d6       9%          2
c - Kindle Blastsparks    Fire/Tloc/Air  22%        2d11      17%         3
d - Inner Flame           Hex/Fire       11%        N/A       17%         3
e - Flame Wave            Conj/Fire      11%        2d6       50%         4
Your spell library was empty.

Dungeon Overview and Level Annotations

Branches:
Dungeon (2/15)

Altars:


Innate Abilities, Weirdness & Mutations

You are immune to sickness and miasma.
You are immune to poison.
Your flesh is very heat resistant. (rF++)
You are vulnerable to cold. (rC-)
You float through the air rather than walking.
You learn spells naturally, not from books.
Your magical power is your life essence.
You have superior vitality. (+4 MHP)


Message History

You conjure some foxfire!
The foxfire hits the gnoll.
The gnoll is moderately wounded.
The foxfire hits the gnoll.
You kill the gnoll!
Casting: Foxfire (safe; 6% risk of failure)
Confirm with . or Enter, or press ? or * to list all spells.
You conjure some foxfire!
The foxfire hits the giant cockroach but does no damage.
The giant cockroach is heavily wounded.
The foxfire hits the giant cockroach but does no damage.
The giant cockroach is heavily wounded.
The foxfire hits the gnoll.
The gnoll is lightly wounded.
Your foxfire dissipates!
The giant cockroach bites you.
Casting: Foxfire (safe; 6% risk of failure)
Confirm with . or Enter, or press ? or * to list all spells.
You conjure some foxfire!
The giant cockroach bites you. The gnoll barely misses you.
Your foxfire dissipates!
The foxfire hits the gnoll.
The gnoll is heavily wounded.
Casting: Foxfire (safe; 6% risk of failure)
Confirm with . or Enter, or press ? or * to list all spells.
You conjure some foxfire!
The giant cockroach bites you.
The foxfire hits the gnoll.
The gnoll is severely wounded.
The giant cockroach barely misses you. The gnoll attacks as you move away!
The gnoll barely misses you.
The giant cockroach attacks as you move away!
The giant cockroach bites you.
Found 14 gold pieces.
The foxfire hits the gnoll.
The gnoll is almost dead.
Casting: Foxfire (safe; 6% risk of failure)
Confirm with . or Enter, or press ? or * to list all spells.
You conjure some foxfire!
The giant cockroach bites you but does no damage.
The gnoll hits you with a +0 whip. The gnoll attacks as you move away!
The gnoll hits you with a +0 flail!
You die...

............##
#..........!
##.........#
####.......)..#
..............#
........<...>###
.#............#
#..vBg.....#..
##.v@g.)...#
#........#.#
P.....#######.#
...... # ~.P..
≈≈♣PP ≈ ~. ~~$


You could see 2 gnolls and a giant cockroach (ally target).

Vanquished Creatures
  A gnoll (D:2)
  2 bats (D:1)
  A goblin (D:1)
  2 hobgoblins (D:1)
  A frilled lizard (D:1)
  A kobold (D:1)
8 creatures vanquished.

Vanquished Creatures (others)
  26 foxfires
26 creatures vanquished.

Grand Total: 34 creatures vanquished

Notes
Turn   | Place    | Note
-------+----------+-------------------------------------------
     0 | D:1      | stormannn the Djinni Fire Elementalist began the quest for
                  | the Orb.
     0 | D:1      | stormannn set off with the following spells memorised:
                  | Foxfire, Scorch, Kindle Blastsparks, Inner Flame, Flame
                  | Wave.
     0 | D:1      | Reached XP level 1. HP: 15/15 MP: 0/0
   405 | D:1      | Reached XP level 2. HP: 19/21 MP: 0/0
   782 | D:2      | Slain by a gnoll

Illustrated notes

Levels and vault maps discovered:
D:1:      evilmike_arrival_hilbert_curve, layout_basic, minmay_pentomino_x2
D:2:      layout_rooms, guppyfry_early_lair_pool

Action                   || total
-------------------------++-------
 Cast: Foxfire           ||    21
Armor: Robe              ||     2
Dodge: Dodged            ||     7

Table legend: (Time is in decaauts)
 A = Elapsed time spent in this place.
 B = Non-inter-level travel time spent in this place.
 C = Inter-level travel time spent in this place.
 D = Time resting spent in this place.
 E = Time spent auto-exploring this place.
 F = Levels seen in this place.
 G = Mean time per level.
                   A        B        C        D        E       F      G
               +--------+--------+--------+--------+--------+-----+--------+
         Total |    781 |    768 |     13 |      0 |    696 |   2 |  390.5 |
       Dungeon |    781 |    768 |     13 |      0 |    696 |   2 |  390.5 |
               +--------+--------+--------+--------+--------+-----+--------+

Top non-repeatable levels by time:
     D:1: 769 daAuts
     D:2: 12 daAuts
